 Dungeon Crawl Stone Soup version 0.25-a0-424-g80bd347 (webtiles) character file.

Game seed: 3198455692708291968, levelgen mode: deterministic

4187 Auros the Grappler (level 10, -10/91 HPs)
             Began as a Troll Warper on Jan 20, 2020.
             Was an Elder of Makhleb.
             Mangled by a hornet (14 damage)
             ... on level 8 of the Dungeon on Jan 21, 2020.
             The game lasted 00:59:08 (6932 turns).

Auros the Grappler (Troll Warper)                   Turns: 6932, Time: 00:59:09

Health: -10/91     AC:  8    Str: 24    XL:     10   Next: 8%
Magic:  0/12       EV: 10    Int:  9    God:    Makhleb [****..]
Gold:   753        SH:  2    Dex:  6    Spells: 1/11 levels left

rFire    . . .     SeeInvis .     - Unarmed
rCold    + . .     Gourm    +   (no shield)
rNeg     . . .     Faith    .   m - +2 robe {rC+}
rPois    .         Spirit   .   (helmet restricted)
rElec    .         Reflect  +   (no cloak)
rCorr    .         Harm     .   (gloves unavailable)
MR       .....     Rnd*Tele +   (boots unavailable)
Stlth    +.........             u - +2 amulet of reflection
HPRegen  0.65/turn              w - -3 ring of dexterity (curse)
MPRegen  0.13/turn              B - ring of teleportation (curse)

@: lethally poisoned (-10 -> -11), very slightly contaminated, slowed, lightly
drained, very slow
A: large, unfitting armour, claws 3, fast metabolism 3, gourmand, regeneration
1, shaggy fur 1, tough skin 3
a: Minor Destruction, Lesser Servant of Makhleb, Major Destruction, Renounce
Religion


You were on level 8 of the Dungeon.
You worshipped Makhleb.
Makhleb was greatly pleased with you.
You were very full.

You visited 2 branches of the dungeon, and saw 9 of its levels.

You collected 753 gold pieces.

Inventory:

Hand Weapons
 s - a cursed +0 club
Missiles
 d - 4 boomerangs of dispersal
 f - 48 poisoned darts
 g - 17 sling bullets
 o - 59 arrows
 q - 3 boomerangs (quivered)
 y - 2 throwing nets
 E - 4 large rocks
 Z - 234 stones
Armour
 a - a +1 robe
 m - a +2 robe of cold resistance (worn)
Jewellery
 u - a +2 amulet of reflection (around neck)
 w - a cursed -3 ring of dexterity (left claw)
 B - a cursed ring of teleportation (right claw)
 D - an uncursed ring of ice {unknown}
Wands
 b - a wand of iceblast (10)
 n - a wand of flame (26)
Scrolls
 e - a scroll of fear
 i - 2 scrolls of identify
 k - 4 scrolls of blinking
 t - 5 scrolls of teleportation
Potions
 c - 2 potions of mutation {unknown}
 h - a potion of flight {unknown}
 j - 2 potions of agility {unknown}
 l - a potion of brilliance {unknown}
 p - 2 potions of curing {unknown}
 r - 2 potions of cancellation {unknown}
 v - a potion of lignification {unknown}
 A - a potion of heal wounds {unknown}
 C - a potion of berserk rage {unknown}
Comestibles
 x - 5 chunks of flesh
 z - 11 rations


   Skills:
 + Level 3.3(3.1) Fighting
 + Level 1.0(0.8) Throwing
 + Level 3.5(3.3) Dodging
 + Level 10.3(10.1) Unarmed Combat
 - Level 1.2(1.1) Spellcasting
 + Level 5.8(5.6) Translocations
 + Level 5.2(5.1) Invocations


You had one spell level left.
You knew the following spells:

 Your Spells              Type           Power        Failure   Level  Hunger
a - Blink                 Tloc           N/A          5%          2    ###....
b - Shroud of Golubria    Chrm/Tloc      #.....       17%         2    ###....
c - Gell's Gravitas       Tloc           ##........   11%         3    ####...
d - Teleport Other        Tloc           ##......     11%         3    ####...

Your spell library contained the following spells:

 Spells                   Type           Power        Failure   Level  Hunger
 Summon Small Mammal      Summ           #...         36%         1    ##.....
 Lesser Beckoning         Tloc           ##........   11%         3    ####...
 Passage of Golubria      Tloc           N/A          34%         4    #####..
 Call Imp                 Summ           #.......     50%         2    ###....
 Call Canine Familiar     Summ           #.......     73%         3    ####...
 Summon Guardian Golem    Hex/Summ       #.......     73%         3    ####...
 Summon Ice Beast         Ice/Summ       #.......     98%         4    #####..
 Summon Lightning Spire   Summ/Air       #.......     98%         4    #####..


Dungeon Overview and Level Annotations

Branches:
Dungeon (8/15)             Temple (1/1) D:4
   Lair: D:8-11

Altars:
Makhleb
Nemelex Xobeh
Qazlal
Ru
Sif Muna
Trog
Vehumet
Zin
The Shining One


Innate Abilities, Weirdness & Mutations

You are too large for most types of armour.
You have claws for hands.
Your metabolism is lightning-fast.
You like to eat raw meat.
Your natural rate of healing is unusually fast.
You are covered in fur. (AC +1)
You have extremely tough skin. (AC +3)


Message History

Your orange demon stings the adder!
The adder dies!
Makhleb accepts your kill.
Casting: Blink (safe; 5% risk of failure)
Confirm with . or Enter, or press ? or * to list all spells.
You blink.
You feel sick.
Press: ? - help, Shift-Dir - straight line, f - hornet
Aim: a hornet The orb of electricity explodes!
The orb of electricity engulfs the hornet!
The hornet is heavily wounded.
The orb of electricity engulfs you.
* * * LOW HITPOINT WARNING * * *
You feel sick.
You hear an angry hiss.
The hornet stings you!
* * * LOW HITPOINT WARNING * * *
You feel as though you will be slow longer.
The hornet stings you!
You die...

#........#..#..#..##..
#.................>...
#..##..#...............
#..<###.............
##...###.............
#...#................
##..##.##.............
####...#...#.............
.......@.................
.......y.................
#####..ยง....##.>.........
##...#..#............
###.##.#..#..........
#...#.###.#..........
####.4#.###..........
#......#.............
##.....####..........


You could see a hornet and a friendly orange demon.

Vanquished Creatures
  2 hippogriffs (D:7)
  A hungry ghost (D:8)
  Menkaure (D:6)
  Duvessa (D:6)
  2 orc warriors (D:6)
  A sky beast (D:5)
  2 ice beasts
  A necrophage (D:8)
  2 ogres
  2 phantoms
  A centaur (D:6)
  A black bear (D:7)
  2 gnoll sergeants
  8 bullfrogs
  A water moccasin skeleton (D:7)
  Dowan (D:6)
  4 wights (D:7)
  A howler monkey (D:7)
  3 crimson imps
  A bullfrog zombie (D:5)
  4 hounds
  2 jellies
  4 orc priests
  A centaur skeleton (D:4)
  A bullfrog skeleton (D:7)
  4 iguanas
  8 worker ants
  9 orc wizards
  A hound zombie (D:5)
  Robin (D:4)
  17 gnolls
  12 adders
  2 oozes (D:2)
  An adder skeleton (D:4)
  2 worms
  6 leopard geckos
  23 orcs
  8 bats
  4 giant cockroaches
  12 goblins
  11 hobgoblins
  6 jackals
  2 kobolds (D:2)
  5 quokkas
  A ball python (D:3)
  2 frilled lizards
  2 leopard gecko skeletons
  5 rats
194 creatures vanquished.

Vanquished Creatures (collateral kills)
  An adder (D:8)
1 creature vanquished.

Grand Total: 195 creatures vanquished

Notes
Turn   | Place    | Note
-------+----------+-------------------------------------------
     0 | D:1      | Auros the Troll Warper began the quest for the Orb.
     0 | D:1      | Reached XP level 1. HP: 19/19 MP: 1/1
    42 | D:1      | Reached skill level 1 in Throwing
   117 | D:2      | Found a burning altar of Makhleb.
   120 | D:2      | Found a glowing silver altar of Zin.
   120 | D:2      | Noticed an angel
   120 | D:2      | Noticed a balrug
   150 | D:2      | Reached XP level 2. HP: 23/27 MP: 2/2
   153 | D:2      | Reached skill level 3 in Unarmed Combat
   170 | D:2      | Learned a level 2 spell: Blink
   257 | D:2      | Reached XP level 3. HP: 33/33 MP: 3/3
   262 | D:2      | Learned a level 2 spell: Shroud of Golubria
   357 | D:2      | Reached skill level 4 in Unarmed Combat
   568 | D:2      | Reached XP level 4. HP: 39/41 MP: 2/4
   604 | D:2      | Found a bloodstained altar of Trog.
   869 | D:2      | Became a worshipper of Makhleb the Destroyer
  1034 | D:3      | Reached skill level 5 in Unarmed Combat
  1262 | D:3      | Reached XP level 5. HP: 48/48 MP: 5/5
  1411 | D:3      | Found a glowing golden altar of the Shining One.
  1416 | D:3      | Found a sacrificial altar of Ru.
  1416 | D:3      | Found a sparkling altar of Nemelex Xobeh.
  1432 | D:3      | Noticed an ice beast
  1438 | D:3      | Killed an ice beast
  1438 | D:3      | Reached skill level 6 in Unarmed Combat
  1541 | D:3      | Reached XP level 6. HP: 55/55 MP: 6/6
  2216 | D:4      | Noticed Robin
  2258 | D:4      | Killed Robin
  2258 | D:4      | Reached * piety under Makhleb
  2440 | D:4      | Found a staircase to the Ecumenical Temple.
  2449 | D:4      | Reached skill level 7 in Unarmed Combat
  2555 | Temple   | Entered the Ecumenical Temple
  2607 | D:4      | Reached XP level 7. HP: 55/62 MP: 2/7
  2671 | D:4      | Learned a level 3 spell: Gell's Gravitas
  2850 | D:4      | Found a stormy altar of Qazlal.
  3065 | D:5      | Entered Level 5 of the Dungeon
  3151 | D:5      | Reached skill level 8 in Unarmed Combat
  3257 | D:5      | Reached ** piety under Makhleb
  3675 | D:5      | Reached XP level 8. HP: 70/70 MP: 8/8
  4172 | D:5      | Reached skill level 1 in Invocations
  4183 | D:6      | Noticed Dowan
  4194 | D:6      | Noticed Duvessa
  4204 | D:6      | Killed Dowan
  4356 | D:6      | Killed Duvessa
  4372 | D:6      | Reached skill level 9 in Unarmed Combat
  4667 | D:6      | Noticed Menkaure
  4701 | D:6      | Found a shimmering blue altar of Sif Muna.
  4750 | D:6      | Killed Menkaure
  4750 | D:6      | Reached XP level 9. HP: 44/78 MP: 7/10
  4769 | D:6      | Reached *** piety under Makhleb
  5159 | D:6      | Reached skill level 5 in Translocations
  5234 | D:6      | Learned a level 3 spell: Teleport Other
  5869 | D:7      | Reached skill level 10 in Unarmed Combat
  6262 | D:7      | Reached skill level 5 in Invocations
  6790 | D:8      | Reached XP level 10. HP: 91/91 MP: 12/12
  6802 | D:8      | Reached **** piety under Makhleb
  6932 | D:8      | HP: 4/91 [hornet (8)]
  6932 | D:8      | Mangled by a hornet

Levels and vault maps discovered:
D:1:      lightli_arrival_quake, layout_basic
D:2:      layout_loops_ring, grunt_temple_overflow_order_and_chaos_2,
          minmay_misc_feat_tiny, trog_three_pillars_becter
D:3:      layout_basic, grunt_temple_overflow_open, first_ration
D:4:      layout_rooms, nicolae_qazlal_general_emergency,
          minmay_temple_entry_waves, uniq_robin
D:5:      cheibrodos_helix_gallery, layout_basic
D:6:      kennysheep_orc_sif_temple, layout_rooms, uniq_duvessa, uniq_menkaure
D:7:      minmay_polygon_palace, layout_cave_pools, serial_rivers,
          chequers_serial_rivers_marsh, chequers_serial_rivers_micro_c,
          chequers_serial_rivers_micro_d, chequers_serial_rivers_room_a,
          chequers_serial_rivers_micro_d, chequers_serial_rivers_large_b,
          minmay_circle_x
D:8:      layout_layer_cave
Temple:   nicolae_temple_elliptical

Skill      XL: |  1  2  3  4  5  6  7  8  9 |
---------------+----------------------------+-----
Throwing       | 1 |  1.0
Dodging        | 2 3 |  3.5
Unarmed Combat | 3 4 5 6 7 8 9 10 | 10.3
Translocations | 3 4 5 |  5.8
Invocations    | 3 5 |  5.2
Fighting       | 3 |  3.3
Spellcasting   | |  1.2

Action                   |  1- 3 |  4- 6 |  7- 9 | 10-12 || total
-------------------------+-------+-------+-------+-------++-------
Melee: Unarmed           |   109 |   133 |   415 |    24 ||   681
       Punch             |     1 |     3 |    12 |     1 ||    17
Throw: Boomerang         |     1 |       |    29 |     4 ||    34
 Cast: Shroud of Golubri |     4 |     9 |    14 |       ||    27
       Blink             |       |     2 |     9 |     6 ||    17
       Gell's Gravitas   |       |       |     4 |       ||     4
       Teleport Other    |       |       |     1 |       ||     1
Invok: Minor Destruction |       |       |    61 |     7 ||    68
       Lesser Servant of |       |       |       |     1 ||     1
       Major Destruction |       |       |       |     1 ||     1
  Use: Scroll            |       |     1 |     6 |       ||     7
  Eat: Chunk             |    11 |    20 |    42 |     4 ||    77
Armor: Robe              |    97 |    50 |   158 |    14 ||   319
Dodge: Dodged            |    93 |    76 |   194 |     7 ||   370
Block: Other             |       |       |    15 |     2 ||    17
       Reflection        |       |       |     1 |       ||     1

Table legend:
 A = Non-vault XP
 B = Vault XP
 C = Vault XP percentage of total XP
 D = Non-vault monster count
 E = Vault monster count
 F = Vault count percentage of total count
                 A         B        C        D         E       F
            +---------+---------+-------+---------+---------+-------
      Total |    4505 |    1477 |  24.7 |     159 |      36 |  18.5
            +---------+---------+-------+---------+---------+-------
        D:1 |       5 |       0 |   0.0 |       2 |       0 |   0.0
        D:2 |     140 |       0 |   0.0 |      27 |       0 |   0.0
        D:3 |     355 |      17 |   4.6 |      29 |       9 |  23.7
        D:4 |     359 |      20 |   5.3 |      14 |       4 |  22.2
        D:5 |     805 |      85 |   9.6 |      32 |       1 |   3.0
        D:6 |     834 |     700 |  45.6 |      20 |       9 |  31.0
        D:7 |    1374 |     655 |  32.3 |      22 |      13 |  37.1
        D:8 |     633 |       0 |   0.0 |      13 |       0 |   0.0
            +---------+---------+-------+---------+---------+-------
